 Dungeon Crawl Stone Soup version 0.25-a0-835-gb37b1c2 (webtiles) character file.

Game seed: 3596647221576706849, levelgen mode: deterministic

19 Atlas the Firebug (level 2, 0/22 HPs)
             Began as a Naga Fire Elementalist on Apr 23, 2020.
             Succumbed to an adder's poison
             ... on level 2 of the Dungeon.
             The game lasted 00:02:12 (2161 turns).

Atlas the Firebug (Naga Fire Elementalist)          Turns: 2161, Time: 00:02:12

Health: 0/22       AC:  3    Str: 10    XL:     2   Next: 75%
Magic:  1/5        EV:  9    Int: 15    God:
Gold:   12         SH:  0    Dex: 11    Spells: 4/5 levels left

rFire    . . .     SeeInvis +   (no weapon)
rCold    . . .     Gourm    .   (no shield)
rNeg     . . .     Faith    .   h - +0 leather armour
rPois    +         Spirit   .   (no helmet)
rElec    .         Reflect  .   g - +0 cloak
rCorr    .         Harm     .   (no gloves)
MR       .....                  (no barding)
Stlth    ++........             (no amulet)
HPRegen  0.07/turn              (no ring)
MPRegen  0.09/turn              (no ring)

@: lethally poisoned (0 -> -2), very slightly contaminated, invisible, very slow
A: large, see invisible, deformed body, poison resistance, slowness 2, slow
metabolism 1, spit poison 1, AC +0
a: Spit Poison


You were on level 2 of the Dungeon.
You were not hungry.

You visited 1 branch of the dungeon, and saw 2 of its levels.

You collected 12 gold pieces.

Inventory:

Armour
 g - a +0 cloak (worn)
 h - a +0 leather armour (worn)
Scrolls
 e - 2 scrolls of enchant armour {unknown}
Potions
 d - a potion of invisibility
Comestibles
 c - 6 rations


   Skills:
 + Level 0.1 Fighting
 + Level 1.6 Dodging
 + Level 3.1 Stealth
 + Level 0.1 Unarmed Combat
 + Level 2.3 Spellcasting
 + Level 1.1 Conjurations
 + Level 3.4 Fire Magic


You had 4 spell levels left.
You knew the following spells:

 Your Spells              Type           Power        Failure   Level  Hunger
a - Foxfire               Conj/Fire      #...         12%         1    #......

Your spell library contained the following spells:

 Spells                   Type           Power        Failure   Level  Hunger
 Conjure Flame            Conj/Fire      #.......     34%         3    ###....
 Inner Flame              Hex/Fire       #.......     41%         3    ###....
 Sticky Flame             Conj/Fire      #.......     75%         4    #####..
 Fireball                 Conj/Fire      #.........   97%         5    ######.


Dungeon Overview and Level Annotations

Branches:
Dungeon (2/15)

Altars:


Innate Abilities, Weirdness & Mutations

You cannot wear boots.
Your serpentine skin is tough. (AC +0)
You have supernaturally acute eyesight. (SInv)
Armour fits poorly on your strangely shaped body.
Your system is resistant to poisons. (rPois)
You cover ground very slowly.
You have a slow metabolism.
You can spit poison.


Message History

You catch the helpless adder completely off-guard!
You hit the adder but do no damage.
The adder is almost dead.
The foxfire hits the adder but does no damage.
The adder is almost dead.
The adder barely misses you.
You closely miss the adder.
The adder hisses angrily.
The adder is almost dead.
* * * LOW HITPOINT WARNING * * *
You feel sick.
Unknown command.
You completely miss the worm. You hit the worm but do no damage.
The adder closely misses you. The worm closely misses you.
You hit the worm.
The worm is lightly wounded.
The adder closely misses you. The worm completely misses you.
You hit the worm but do no damage.
You die...

#.######### #.
#w#.......######.
#g...............
####.......######.
#...g......# ##.
#.##.......#####..
#g##.>...........#
####w##.......#####..
#..S@########## ###
######


You could see a worm, an adder and a hobgoblin.

Vanquished Creatures
  A ball python (D:1)
  A bat (D:1)
  4 giant cockroaches
  A goblin (D:1)
  3 hobgoblins (D:1)
  4 frilled lizards
  A kobold (D:1)
  3 rats (D:1)
18 creatures vanquished.

Vanquished Creatures (others)
  26 foxfires
26 creatures vanquished.

Grand Total: 44 creatures vanquished

Notes
Turn   | Place    | Note
-------+----------+-------------------------------------------
     0 | D:1      | Atlas the Naga Fire Elementalist began the quest for the
                  | Orb.
     0 | D:1      | Reached XP level 1. HP: 15/15 MP: 3/3
  1123 | D:1      | Reached XP level 2. HP: 22/22 MP: 1/5
  2157 | D:2      | HP: 1/22 [poisoned by an adder]
  2161 | D:2      | Succumbed to an adder's poison

Levels and vault maps discovered:
D:1:      dpeg_chamrin_arrival_tetris, layout_basic
D:2:      layout_loops_ring, led_sif_pool, first_ration,
          minmay_fractal_squares_5

Action                   || total
-------------------------++-------
Melee: Unarmed           ||    82
 Cast: Foxfire           ||    24
 Abil: Spit Poison       ||     3
  Use: Potion            ||     3
 Stab: Sleeping          ||     3
       Invisible         ||     2
  Eat: Chunk             ||     3
Armor: Robe              ||    20
       Leather armour    ||    10
Dodge: Dodged            ||    78

Table legend:
 A = Non-vault XP
 B = Vault XP
 C = Vault XP percentage of total XP
 D = Non-vault monster count
 E = Vault monster count
 F = Vault count percentage of total count
                 A         B        C        D         E       F
            +---------+---------+-------+---------+---------+-------
      Total |      27 |       1 |   3.6 |      17 |       1 |   5.6
            +---------+---------+-------+---------+---------+-------
        D:1 |      24 |       0 |   0.0 |      15 |       0 |   0.0
        D:2 |       3 |       1 |  25.0 |       2 |       1 |  33.3
            +---------+---------+-------+---------+---------+-------
